 Dungeon Crawl Stone Soup version 0.30-a0-219-gf2db51d15e (webtiles) character file.

Game seed: 8890975103006743783

19 heikuro the Shield-Bearer (level 2, 21/21 HPs)
             Began as a Formicid Fighter on Oct 8, 2022.
             Was a Follower of Sif Muna.
             Quit the game on level 1 of the Dungeon.
             The game lasted 00:01:36 (606 turns).

heikuro the Shield-Bearer (Formicid Fighter)         Turns: 606, Time: 00:01:36

Health: 21/21      AC:  3    Str: 20    XL:     2   Next: 95%
Magic:  2/2        EV:  9    Int:  7    God:    Sif Muna [*.....]
Gold:   51         SH:  5    Dex: 13    Spells: 1/1 levels left

rFire   . . .      SeeInvis +    a - +0 trident
rCold   . . .      Faith    .    c - +0 buckler
rNeg    . . .      Spirit   .    b - +0 scale mail
rPois   .          Reflect  .    (helmet unavailable)
rElec   .          Harm     .    (no cloak)
rCorr   .          Rampage  .    (no gloves)
Will    .....                    (no boots)
Stlth   ..........               (no amulet)
HPRegen 0.23/turn                (no ring)
MPRegen 0.08/turn                (no ring)

@: no status effects
A: permanent stasis, dig shafts and tunnels, antennae 3, four strong arms,
deformed body, frail 1, MP-powered wands
a: Dig, Shaft Self, Renounce Religion, Channel Magic


You were on level 1 of the Dungeon.
You worshipped Sif Muna.
Sif Muna was aware of your devotion.
You visited 1 branch of the dungeon, and saw 1 of its levels.

You collected 51 gold pieces.

Inventory:

Hand Weapons
 a - a +0 trident (weapon)
Armour
 b - a +0 scale mail (worn)
 c - a +0 buckler (worn)
Scrolls
 g - a scroll of silence {unknown}
 h - a scroll of teleportation {unknown}
 i - a scroll of identify
Potions
 d - a potion of might
 e - a potion of heal wounds


   Skills:
 + Level 3.5 Fighting
 * Level 2.5 Polearms
 + Level 3.5 Armour
 + Level 4.2 Shields


You had one spell level left.
You didn't know any spells.
Your spell library was empty.

Dungeon Overview and Level Annotations

Branches:
Dungeon (1/15)

Altars:
Sif Muna


Innate Abilities, Weirdness & Mutations

You cannot be hasted, slowed, berserked, paralysed or teleported.
You can dig through walls and to a lower floor.
You have a pair of large antennae on your head. (SInv)
Your four strong arms can wield two-handed weapons with a shield.
Armour fits poorly on your strangely shaped body.
You are frail. (-10% HP)
You expend magic power (3 MP) to strengthen your wands.


Message History

The frilled lizard bites you but does no damage.
You closely miss the frilled lizard.
The frilled lizard is heavily wounded.
The frilled lizard bites you but does no damage.
The frilled lizard bites you.
You barely miss the frilled lizard.
The frilled lizard is heavily wounded.
The frilled lizard barely misses you.
You completely miss the frilled lizard.
The frilled lizard is heavily wounded.
The frilled lizard bites you.
You closely miss the frilled lizard.
The frilled lizard is heavily wounded.
The frilled lizard bites you but does no damage.
You miss the frilled lizard.
The frilled lizard is heavily wounded.
You block the frilled lizard's attack.
You miss the frilled lizard.
The frilled lizard is heavily wounded.
The frilled lizard bites you but does no damage.
You hit the frilled lizard.
You kill the frilled lizard!
The rat closely misses you.
You hit the rat.
You kill the rat!
No target in view!
No target in view!
No target in view!
Found a human skeleton.
Found a faded altar of an unknown god.
You see here a human skeleton.
There is a faded altar of an unknown god here.
This altar belongs to (a) Nemelex Xobeh, (b) Jiyva or (c) Sif Muna, but you can't tell which.
Press the corresponding letter to learn more about a god, or press enter to convert or escape to cancel.
Sif Muna accepts your prayer! Sif Muna welcomes you!
You can now call upon Sif Muna for magical energy.
Save game and exit?
Welcome back, heikuro the Formicid Fighter.
Sif Muna whispers: I know many secrets...
Press ? for a list of commands and other information.
Are you sure you want to abandon this character and quit the game? (Confirm with "yes".)

#+## ≈≈≈# { { ≈≈≈+ ≈≈≈#
#+## { #(#.# #...######
####### ##.......#
#@..÷.## .........#
#......# ##.......#
#.....8# ##.......#
###..÷...# ##.......#
##.#÷..÷..# #†.......#
##..#......# #
#.#####..###...#..÷÷.8#.#
..# #....'...#8.8.8....
#.# #.####.........##.#.


There were no monsters in sight!

Vanquished Creatures
  A dart slug (D:1)
  2 ball pythons (D:1)
  2 endoplasms (D:1)
  A goblin (D:1)
  2 hobgoblins (D:1)
  A kobold (D:1)
  A quokka (D:1)
  A bat (D:1)
  2 frilled lizards (D:1)
  4 rats (D:1)
17 creatures vanquished.

Notes
Turn   | Place    | Note
-------+----------+-------------------------------------------
     0 | D:1      | heikuro the Formicid Fighter began the quest for the Orb.
     0 | D:1      | Reached XP level 1. HP: 18/18 MP: 1/1
   116 | D:1      | Reached XP level 2. HP: 24/24 MP: 2/2
   500 | D:1      | Gained mutation: You are frail. (-10% HP) [potion of
                  | mutation]
   501 | D:1      | Lost mutation: You are frail. (-10% HP) [potion of
                  | mutation]
   501 | D:1      | Gained mutation: Armour fits poorly on your strangely
                  | shaped body. [potion of mutation]
   501 | D:1      | Gained mutation: You are frail. (-10% HP) [potion of
                  | mutation]
   501 | D:1      | Gained mutation: You expend magic power (3 MP) to
                  | strengthen your wands. [potion of mutation]
   597 | D:1      | Found a faded altar of an unknown god.
   605 | D:1      | Prayed at the altar of an unknown god.
   605 | D:1      | Became a worshipper of Sif Muna the Loreminder
   605 | D:1      | Reached * piety under Sif Muna
   606 | D:1      | Quit the game

Illustrated notes

Levels and vault maps discovered:
D:1:      minmay_arrival_stone_box, layout_loops_corners,
          shapermc_ecumenical_altar_pompeii, minmay_liquid_box,
          minmay_stone_trees_small

Action                   || total
-------------------------++-------
Melee: Trident           ||    56
  Use: Scroll            ||     2
       Potion            ||     2
Armor: Scale mail        ||    19
Dodge: Dodged            ||    14
Block: Buckler           ||     9

Table legend: (Time is in decaauts)
 A = Elapsed time spent in this place.
 B = Non-inter-level travel time spent in this place.
 C = Inter-level travel time spent in this place.
 D = Time resting spent in this place.
 E = Time spent auto-exploring this place.
 F = Levels seen in this place.
 G = Mean time per level.
                   A        B        C        D        E       F      G
               +--------+--------+--------+--------+--------+-----+--------+
         Total |    618 |    598 |     20 |      0 |    434 |   1 |  618.0 |
       Dungeon |    618 |    598 |     20 |      0 |    434 |   1 |  618.0 |
               +--------+--------+--------+--------+--------+-----+--------+

Top non-repeatable levels by time:
     D:1: 618 daAuts
